 Dungeon Crawl Stone Soup version 0.25.1-2-g60ff931df9 (webtiles) character file.

Game seed: 16309540107094073394

101 Allula97 the Sneak (level 4, -1/34 HPs)
             Began as a Demonspawn Assassin on Nov 11, 2020.
             Killed by divine providence
             ... invoked by an orc priest
              (12 damage)
             ... on level 3 of the Dungeon.
             The game lasted 00:09:45 (1930 turns).

Allula97 the Sneak (Demonspawn Assassin)            Turns: 1930, Time: 00:09:45

Health: -1/34      AC:  3    Str: 11    XL:     4   Next: 48%
Magic:  0/4        EV: 12    Int: 12    God:
Gold:   97         SH:  0    Dex: 16    Spells: 3/3 levels left

rFire    . . .     SeeInvis .   h - +1 short sword (venom)
rCold    . . .     Gourm    .   (no shield)
rNeg     . . .     Faith    .   b - +0 robe
rPois    .         Spirit   +   (no helmet)
rElec    .         Reflect  .   c - +0 cloak
rCorr    .         Harm     .   (no gloves)
MR       .....                  (no boots)
Stlth    +++.......             (no amulet)
HPRegen  0.11/turn              p - +4 ring of slaying
MPRegen  0.09/turn              (no ring)

@: no status effects
A: spiny 1, magic shield
a: no special abilities


You were on level 3 of the Dungeon.
You were not hungry.

You visited 1 branch of the dungeon, and saw 3 of its levels.

You collected 97 gold pieces.

Inventory:

Hand Weapons
 a - a +2 dagger
 h - a +1 short sword of venom (weapon)
Missiles
 d - 31 poisoned darts (quivered)
 e - 2 curare-tipped darts
 l - 7 javelins
Armour
 b - a +0 robe (worn)
 c - a +0 cloak (worn)
Jewellery
 p - a +4 ring of slaying (left hand)
Scrolls
 i - a scroll of remove curse
 n - a scroll of immolation
 o - 3 scrolls of teleportation
Potions
 g - 4 potions of curing {unknown}
 k - a potion of magic {unknown}
 m - a potion of haste {unknown}
 q - a potion of lignification {unknown}
Comestibles
 f - 3 rations
 j - 4 chunks of flesh


   Skills:
 * Level 2.6 Fighting
 * Level 2.4 Short Blades
 - Level 2.1 Throwing
 + Level 1.0 Armour
 * Level 1.8 Dodging
 * Level 4.1 Stealth
 + Level 0.1 Spellcasting


You had 3 spell levels left.
You didn't know any spells.
Your spell library was empty.

Dungeon Overview and Level Annotations

Branches:
Dungeon (3/15)

Altars:


Innate Abilities, Weirdness & Mutations

You are partially covered in sharp spines.
When hurt, damage is shared between your health and your magic reserves.


Message History

You see here a +0 club.
An orc comes into view. It is wielding a +0 club.
An orc priest comes into view. It is wielding a +0 falchion.
The orc priest shouts!
The orc priest begins to cast a cantrip, but forgets the words! 2 orcs come into view.
An orc is wielding a +0 mace and quivering 2 boomerangs of dispersal.
The orc priest calls down the wrath of Beogh upon you.
Beogh smites you!
The orc shouts!
You hear a shout!
Throwing (i - inventory. (/) - cycle)
d - 32 poisoned darts (quivered)
Press: ? - help, Shift-Dir - straight line, f - orc
Aim: an orc, wielding a +0 club and wearing a +0 leather armour You throw a poisoned dart.
The poisoned dart hits the orc.
The orc is poisoned.
The orc priest calls down the wrath of Beogh upon you.
Beogh smites you!
* * * LOW HITPOINT WARNING * * *
The orc priest mumbles some strange prayers to Beogh against you.
Beogh smites you!
You die...

.##.# #.# ..# ....# #.#
.## ..### #.# . ...# #.#
# ...# ###.###########
...#######...)..........
#................######
#.########.#####.# #.#
#.# #@# #.# #.# #o# #.#
#.# #.# ..# #.# #.# ###
#.# #o# # #.# #o#
####### #.## #.# ......#
#..## #..
#####.####.#.######


You could see an orc priest and 2 orcs.

Vanquished Creatures
  4 adders
  2 oozes (D:2)
  A worm (D:3)
  2 dart slugs
  2 leopard geckos
  3 giant cockroaches
  7 goblins
  2 hobgoblins
  4 jackals (D:1)
  2 quokkas
  2 ball pythons
  4 bats
  2 frilled lizards (D:1)
  5 kobolds
  6 rats
48 creatures vanquished.

Notes
Turn   | Place    | Note
-------+----------+-------------------------------------------
     0 | D:1      | Allula97 the Demonspawn Assassin began the quest for the
                  | Orb.
     0 | D:1      | Reached XP level 1. HP: 16/16 MP: 1/1
    92 | D:1      | Reached skill level 1 in Dodging
   109 | D:1      | Gained mutation: When hurt, damage is shared between your
                  | health and your magic reserves. [demonic ancestry]
   109 | D:1      | Reached XP level 2. HP: 7/22 MP: 2/2
   903 | D:2      | Reached XP level 3. HP: 22/27 MP: 3/3
  1271 | D:2      | Reached skill level 4 in Stealth
  1357 | D:2      | Gained mutation: You are partially covered in sharp spines.
                  | [demonic ancestry]
  1357 | D:2      | Reached XP level 4. HP: 32/34 MP: 4/4
  1599 | D:3      | Reached skill level 1 in Armour
  1930 | D:3      | Killed from afar by an orc priest

Illustrated notes

Levels and vault maps discovered:
D:1:      minmay_arrival_shattered_statue, layout_loops_ring
D:2:      layout_loops_cross, minmay_misc_feat_ornament
D:3:      layout_loops_ring, first_ration

Skill      XL: |  1  2  3  4 |
---------------+-------------+-----
Dodging        | 1 |  1.8
Short Blades   | 2 |  2.4
Throwing       | 2 |  2.1
Stealth        | 4 |  4.1
Armour         | 1 |  1.0
Fighting       | |  2.6
Spellcasting   | |  0.1

Action                   |  1- 3 |  4- 6 || total
-------------------------+-------+-------++-------
Melee: Short sword       |    75 |    12 ||    87
       Dagger            |     7 |       ||     7
Throw: Dart              |    20 |     8 ||    28
  Use: Scroll            |     3 |     2 ||     5
 Stab: Sleeping          |     9 |     6 ||    15
  Eat: Chunk             |     1 |     2 ||     3
Armor: Robe              |    11 |     3 ||    14
Dodge: Dodged            |    40 |     3 ||    43
